 Dungeon Crawl Stone Soup version 0.22-a0-358-g7563fe7 (webtiles) character file.

625037 4thArraOfDagon the Sorcerer (level 26, -2/198 HPs)
             Began as a Mummy Fire Elementalist on Apr 17, 2018.
             Was the Champion of Vehumet.
             Killed from afar by a white draconian stormcaller (64 damage)
             ... on level 15 of a ziggurat on Apr 18, 2018.
             The game lasted 04:52:03 (43363 turns).

4thArraOfDagon the Sorcerer (MuFE)                 Turns: 43363, Time: 04:52:04

Health: -2/198     AC: 13    Str: 13    XL:     26   Next: 62%
Magic:  64/73      EV: 16    Int: 42    God:    Vehumet [******]
Gold:   5001       SH:  8    Dex: 18    Spells: 3/70 levels left

rFire    . . .     SeeInvis .   c - staff of power {!a}
rCold    + + .     Gourm    .   r - +3 buckler {rC+ rF+}
rNeg     + + +     Faith    .   V - +0 robe of Myraeva {MR- Int+6}
rPois    ∞         Spirit   .   C - +2 helmet {Int+3}
rElec    .         Reflect  .   l - +1 cloak {+Inv}
rCorr    .         Harm     .   h - +2 pair of gloves "Ycrean" {*Drain MR++ Int+5}
MR       ++++.                  Q - +0 pair of boots {run}
Stlth    ++........             W - amulet of regeneration
HPRegen  0.83/turn              Z - ring of the Octopus King {Wiz AC+1 EV+1 Str+1 Int+1 Dex+1}
MPRegen  0.43/turn              i - ring "Niger" {MP+9 Int+3 Dex+3}

@: studying 2 skills, quick
A: no food or potions, fire vulnerability, cold resistance 1, negative energy
resistance 3, torment resistance, unbreathing, in touch with death 2
}: 4/15 runes: decaying, slimy, silver, gossamer
a: Renounce Religion, Evoke Invisibility


You were on level 15 of a ziggurat.
You worshipped Vehumet.
Vehumet was exalted by your worship.
You were not hungry.

You visited 11 branches of the dungeon, and saw 53 of its levels.
You visited 1 ziggurat, and saw 15 of its levels.
You also visited: Labyrinth, Ice Cave and Desolation.

You collected 5723 gold pieces.
You spent 722 gold pieces at shops.

Inventory:

Hand Weapons
 e - the +6 arbalest "Damnation" {damnation}
   (You took it off an orc knight on level 1 of the Vaults)
Missiles
 p - 8 throwing nets (quivered)
Armour
 h - the +2 pair of gloves "Ycrean" (worn) {*Drain MR++ Int+5}
   (You found it in the Desolation of Salt)

   It affects your intelligence (+5).
   It affects your resistance to hostile enchantments.
   It causes draining when unequipped.
 l - a +1 cloak of invisibility (worn)
 r - a +3 buckler of resistance (worn)
 v - the +2 robe of Moral Flaws {rC++ Regen+ Str-3}
   (You took it off a crimson imp on level 6 of the Dungeon)

   It affects your strength (-3).
   It greatly protects you from cold.
   It increases your rate of regeneration.
 C - a +2 helmet of intelligence (worn)
 Q - a +0 pair of boots of running (worn)
 V - the +0 robe of Myraeva (worn) {MR- Int+6}
   (You found it on level 5 of the Vaults)

   It affects your intelligence (+6).
   It affects your resistance to hostile enchantments.
Magical Staves
 a - an uncursed staff of cold
 c - an uncursed staff of power (weapon) {!a}
 x - an uncursed staff of wizardry {!a}
 D - an uncursed staff of fire
 F - an uncursed staff of air
 G - an uncursed staff of conjuration {!a}
 H - an uncursed staff of earth
 P - an uncursed staff of energy {!a}
 T - an uncursed staff of death
Jewellery
 f - the ring of Jyuq {*Tele rF- rC+ MR+ Str+3}
   (You took it off an entropy weaver on level 5 of the Vaults)

   [ring of teleportation]

   It may teleport you next to monsters.
   It affects your strength (+3).
   It makes you vulnerable to fire.
   It protects you from cold.
   It affects your resistance to hostile enchantments.
 i - the ring "Niger" (right hand) {MP+9 Int+3 Dex+3}
   (You took it off a deep elf mage on level 5 of the Vaults)

   [ring of magical power]

   It affects your intelligence (+3).
   It affects your dexterity (+3).
   It affects your magic capacity (+9).
 k - an uncursed ring of ice
 n - the ring of the Leaf {rF++ rN+ Dex+4}
   (You found it on level 2 of the Depths)

   [ring of positive energy]

   It affects your dexterity (+4).
   It greatly protects you from fire.
   It protects you from negative energy.
 o - the ring of the Monkey {rF+ rC+ Stlth+}
   (You found it in the Desolation of Salt)

   [ring of protection from cold]

   It protects you from fire.
   It protects you from cold.
   It makes you more stealthy.
 N - the ring "Kasant" {Fire rN+ Slay+2 SInv}
   (You found it in a labyrinth)

   [ring of fire]

   It enhances your fire magic.
   It affects your accuracy and damage with ranged weapons and melee attacks
   (+2).
   It protects you from fire.
   It makes you vulnerable to cold.
   It protects you from negative energy.
   It lets you see invisible.
 W - an amulet of regeneration (around neck)
 X - an uncursed ring of resist corrosion
 Z - a ring of the Octopus King (left hand) {Wiz AC+1 EV+1 Str+1 Int+1 Dex+1}
   (You found it on level 1 of the Spider Nest)

   [ring of wizardry]

   It improves your spell success rate.
   It affects your AC (+1).
   It affects your evasion (+1).
   It affects your strength (+1).
   It affects your intelligence (+1).
   It affects your dexterity (+1).
Wands
 b - a wand of digging (9)
 d - a wand of iceblast (42)
 w - a wand of clouds (3)
 z - a wand of scattershot (8)
 A - a wand of paralysis (84)
 M - a wand of acid (22)
Scrolls
 j - 7 scrolls of immolation
 m - 2 scrolls of blinking
 q - 5 scrolls of enchant armour
 s - 19 scrolls of remove curse
 t - 10 scrolls of teleportation
 u - 10 scrolls of amnesia
 B - a scroll of identify
 E - 11 scrolls of fog
 J - 9 scrolls of fear
 L - 6 scrolls of magic mapping
 Y - 2 scrolls of summoning
Books
 O - a manual of Slings
 U - a manual of Armour
Miscellaneous
 g - 4 sacks of spiders
 y - a phial of floods
 I - 6 phantom mirrors
 K - a lamp of fire
 R - 7 boxes of beasts
 S - a lightning rod (4/4)


   Skills:
 - Level 14.0 Fighting
 - Level 5.0 Armour
 - Level 5.0 Dodging
 - Level 1.5 Stealth
 - Level 4.0 Shields
 * Level 22.7 Spellcasting
 - Level 20.0 Conjurations
 - Level 17.9 Necromancy
 * Level 10.2 Translocations
 - Level 12.9 Fire Magic
 - Level 17.0 Ice Magic
 - Level 11.0 Evocations


You had 3 spell levels left.
You knew the following spells:

 Your Spells              Type           Power        Failure   Level  Hunger
a - Controlled Blink      Tloc           N/A          16%         8    N/A
b - Bolt of Fire          Conj/Fire      ########..   1%          6    N/A
c - Ignition              Fire           ########..   1%          8    N/A
d - Fireball              Conj/Fire      ########..   0%          5    N/A
e - Apportation           Tloc           ######       0%          1    N/A
f - Passage of Golubria   Tloc           N/A          1%          4    N/A
g - Lee's Rapid Deconstr  Erth           #####.....   1%          5    N/A
h - Infestation           Necr           #########.   1%          8    N/A
i - Conjure Ball Lightni  Conj/Air       #######...   1%          6    N/A
j - Glaciate              Conj/Ice       ########..   2%          9    N/A
k - Orb of Destruction    Conj           ########..   1%          7    N/A

Dungeon Overview and Level Annotations

Branches:
Dungeon (15/15)            Temple (0/1) D:6            Lair (6/6) D:11
  Swamp (4/4) Lair:4       Spider (4/4) Lair:4        Slime (5/5) Lair:6
    Orc (2/2) D:9             Elf (3/3) Orc:2        Vaults (5/5) D:13
  Crypt (3/3) Vaults:3       Tomb (1/3) Crypt:3      Depths (5/5) D:15
    Zot: Depths:5

Altars:
Cheibriados
Dithmenos
Elyvilon
Fedhas
Hepliaklqana
Kikubaaqudgha
Makhleb
Qazlal
Trog
Vehumet
Wu Jian
Xom
Yredelemnul
The Shining One
Jiyva
Lugonu

Shops:
D:5 =[*   D:7 %*=[[   Orc:1 [   Orc:2 ([}[

Portals:
Hell: Depths:2 Depths:3 Depths:4
Abyss: Depths:2 Depths:3
Pandemonium: Depths:1
Trove: Elf:3 (give +3 storm dragon scales)

Annotations:
D:5 1 runed door
Lair:2 exclusion: 2 oklob plants
Depths:4 Mennas


Innate Abilities, Weirdness & Mutations

You do not eat or drink.
Your flesh is vulnerable to fire.
You are immune to poison.
Your flesh is cold resistant. (rC+)
You are immune to negative energy. (rN+++)
You are immune to unholy pain and torment.
You can survive without breathing.
You are strongly in touch with the powers of death.


Message History

The white draconian annihilator partially resists.
The white draconian annihilator is moderately wounded.
The white draconian annihilator is flash-frozen.
The great icy blast engulfs the black draconian shifter.
The black draconian shifter is moderately wounded.
The black draconian shifter is flash-frozen.
The white draconian stormcaller roars!
The black draconian roars!
You hear a roar! x4
The white draconian annihilator is engulfed in freezing vapours.
The black draconian is engulfed in freezing vapours.
The white draconian monk is engulfed in freezing vapours.
The white draconian monk breathes frost at you.
The chilling blast hits you! You resist.
The red draconian stormcaller is engulfed in freezing vapours.
The red draconian stormcaller invokes the aid of Qazlal against you.
The blast of magma engulfs you!
You hear a sizzling sound! x3
The white draconian stormcaller invokes the aid of Qazlal against you.
The cutting wind hits you!
You die...

▓▓▓▓▓▓▓▓▓▓
▓▓..........
▓▓.........§.
▓▓.........q§q
▓▓.........§§qd
▓▓.........§§qq.
▓▓.........§§§q§q
▓.∩......≈.§§§qd.
▓▓.......@≈§§§q§d
▓▓.......≈§§§qq.
▓▓.......§§q§§.
▓▓.......§§§§.
▓▓.......§§§.
▓▓.......§§.
▓▓▓▓▓▓▓▓▓▓▓


You could see a white draconian monk, a white draconian knight, 2 draconians, a
green draconian, 3 draconians, 4 draconians, 2 draconians and a black draconian
scorcher.

Vanquished Creatures
  the Royal Jelly (Slime:5)
  Mara (Vaults:3)
  An orb of fire (Zig:7)
  3 ancient liches
  A greater mummy (Zig:12)
  Sojobo (Vaults:3)
  A shard shrike (Zig:5)
  2 Killer Klowns (Zig:3)
  3 caustic shrikes
  A golden dragon (Depths:5)
  The ghost of Rhok the Brawler, a veteran DrFi of Makhleb (Crypt:1)
  Nikola (Swamp:3)
  2 liches
  Jorgrun (Tomb:1)
  2 quicksilver dragons
  3 deep elf blademasters
  24 acid blobs
  3 deep elf master archers
  Kirke (Swamp:4)
  2 sphinxes
  A storm dragon (Depths:4)
  A tentacled starspawn (Zig:13)
  A shadow dragon (Vaults:4)
  16 azure jellies
  A thorn hunter (Zig:9)
  A daeva (Zig:13)
  A tengu reaver (Vaults:3)
  5 fire giants
  A draconian monk (Depths:5)
  A revenant (Crypt:3)
  9 deep elf sorcerers
  7 vault wardens
  4 frost giants
  2 orc warlords (Zig:8)
  A cacodemon (Zig:13)
  An emperor scorpion (Spider:4)
  2 balrugs (Zig:7)
  5 ghost moths (Spider:4)
  2 caustic shrike skeletons (Depths:2)
  6 very ugly things
  An angel (Depths:4)
  6 deep elf elementalists
  7 entropy weavers
  7 spriggan defenders
  3 stone giants
  A war gargoyle (Crypt:3)
  2 reapers
  2 ophanim (Zig:2)
  11 ironheart preservers
  5 spark wasps
  3 vampire knights
  6 dire elephants (Lair:6)
  9 deep elf annihilators
  4 deep elf demonologists
  A white draconian (Depths:5)
  A minotaur (shapeshifter) (Vaults:1)
  A minotaur (Lab)
  An eidolon (Crypt:1)
  5 deep elf death magi (Elf:3)
  3 ettins
  Snorg (Lair:6)
  A green death (Zig:9)
  8 death oozes (Slime:5)
  11 mummy priests
  A jiangshi (Crypt:1)
  A fire dragon (Depths:3)
  Erolcha (Orc:1)
  Harold (D:12)
  11 deep elf high priests
  8 yaktaur captains
  24 hydras
  3 rakshasas
  30 vault guards
  6 ice dragons
  8 great orbs of eyes
  5 starcursed masses (Zig:13)
  37 two-headed ogres
  An anaconda (shapeshifter) (Zig:11)
  A monstrous demonspawn (Depths:1)
  2 death knights
  4 ghost crabs
  A peacekeeper (Desolation)
  7 centaur warriors
  A queen ant (Lair:6)
  Erica (D:12)
  3 spriggan air magi
  13 alligators
  An anaconda (Lair:6)
  6 dancing weapons
  2 death scarabs
  13 ogre magi
  19 death yaks
  3 deep troll earth magi
  2 tengu warriors
  5 deep troll shamans
  A titan zombie (Crypt:3)
  A hell hog (Zig:13)
  5 orc high priests
  8 spriggan berserkers
  A thrashing horror (Zig:13)
  5 hell knights
  2 vampire magi
  Urug (Orc:1)
  A shock serpent (shapeshifter) (Vaults:4)
  A fire crab (Zig:7)
  A fire crab (shapeshifter) (Depths:5)
  A wretched star (Zig:13)
  20 deep elf knights
  13 skeletal warriors
  3 shadow wraiths
  2 small abominations
  An unseen horror (Vaults:1)
  A spatial maelstrom (Zig:13)
  An anaconda zombie (Crypt:2)
  13 swamp dragons
  A tengu zombie (Zig:12)
  6 spriggan druids
  An orange crystal statue (Zig:12)
  3 glowing orange brains
  15 deep trolls
  3 wizards
  17 deep elf archers
  A sphinx zombie (Depths:4)
  8 necromancers
  A golden dragon skeleton (Crypt:3)
  10 ironbrand convokers
  5 shambling mangroves
  A deep troll (shapeshifter) (Zig:14)
  7 phantasmal warriors
  Pikel (D:4)
  A mana viper (Depths:3)
  A flayed ghost (Vaults:5)
  5 orb spiders
  50 deep elf magi
  10 orc knights
  A shadow dragon skeleton (Vaults:5)
  A harpy (Vaults:4)
  An orb spider (shapeshifter) (Depths:5)
  4 oklob plants (Zig:13)
  7 shining eyes
  16 wolf spiders
  A moth of wrath (shapeshifter) (Zig:10)
  22 ugly things
  3 manticores
  A moth of wrath (Zig:8)
  5 orc sorcerers
  A faun (shapeshifter) (Zig:14)
  A frost giant zombie (Zig:6)
  13 elephants
  3 cyclopes (shapeshifter)
  3 centaur zombies (D:15)
  9 cyclopes
  A worldbinder (Zig:13)
  A frost giant skeleton (Zig:12)
  8 vault sentinels
  5 fire giant skeletons
  4 black mambas
  9 gargoyles
  4 guardian serpents (Desolation)
  2 eyes of devastation
  2 smoke demons (Zig:13)
  A guardian serpent (shapeshifter) (Elf:1)
  A storm dragon simulacrum (Depths:4)
  19 spiny frogs
  2 minotaur zombies (Lab)
  A kobold demonologist (D:14)
  7 large abominations (Zig:13)
  40 yaktaurs
  2 rime drakes
  6 komodo dragons
  3 efreet
  12 freezing wraiths
  3 centaur skeletons
  A komodo dragon (shapeshifter) (Vaults:3)
  An ancient zyme (Zig:13)
  8 guardian mummies
  A tormentor (Zig:5)
  5 demonic crawlers
  18 trolls
  A red devil (Depths:4)
  17 jumping spiders
  12 tyrant leeches
  15 polar bears (IceCv)
  13 blink frogs
  12 saltlings (Desolation)
  40 hornets
  6 hippogriffs
  Prince Ribbit (D:7)
  137 slime creatures
  7 dream sheep (Lair:6)
  9 bog bodies
  A raiju (Zig:13)
  A tarantella (shapeshifter) (Zig:13)
  2 ettin skeletons
  31 spriggans
  A human simulacrum (Vaults:3)
  Sigmund (D:6)
  A centaur simulacrum (D:15)
  51 redbacks
  An ice dragon skeleton (Crypt:3)
  8 flying skulls
  13 tarantellas
  3 fire dragon skeletons
  8 vampires
  2 air elementals
  A black mamba zombie (Crypt:3)
  A dire elephant simulacrum (Crypt:1)
  A water elemental (Elf:3)
  8 wraiths
  2 wyverns (D:11)
  A ynoxinul (Zig:13)
  A shadow (Swamp:4)
  55 yaks
  A basilisk (shapeshifter) (Vaults:3)
  An ushabti (Zig:12)
  8 golden eyes
  6 fire elementals
  2 hogs (Swamp:4)
  Grum (Lair:1)
  3 hungry ghosts
  A human zombie (Zig:6)
  7 basilisks
  Menkaure (D:5)
  A swamp worm (shapeshifter) (Depths:4)
  16 vampire mosquitoes
  A deep troll zombie (Crypt:1)
  4 insubstantial wisps
  9 wargs
  18 soldier ants (Lair:6)
  2 acid dragons
  A soldier ant (shapeshifter) (Vaults:1)
  17 swamp worms
  6 water moccasins
  2 hell hounds
  A floating eye (Slime:4)
  24 orc warriors
  2 porcupines
  12 swamp drakes
  5 ice beasts
  3 sky beasts
  5 black bears
  8 eyes of draining
  2 phantoms
  8 necrophages
  An elephant zombie (Crypt:2)
  12 centaurs
  46 ogres
  10 boggarts
  36 wolves
  6 crocodiles
  A manticore skeleton (Crypt:2)
  3 big kobolds
  19 bullfrogs
  An earth elemental (Zig:10)
  An elf skeleton (Crypt:3)
  2 wyvern zombies
  3 scorpions
  3 killer bees (D:12)
  12 wights
  4 electric eels
  10 howler monkeys
  2 bullfrog zombies
  7 crimson imps
  9 hounds
  12 orc priests
  4 jellies
  2 bullfrog skeletons (D:5)
  A demonspawn skeleton (Crypt:2)
  14 orc wizards
  7 iguanas
  32 worker ants
  A naga skeleton (Crypt:3)
  29 mummies
  Robin (D:2)
  2 worker ant zombies
  3 gnolls (D:7)
  12 adders
  A shadow imp (D:12)
  A white imp (Depths:3)
  2 oozes
  An iguana zombie (Crypt:1)
  2 adder skeletons
  An adder zombie (D:6)
  3 worms
  5 dart slugs
  5 leopard geckos
  72 orcs
  4 giant cockroaches
  12 goblins
  8 hobgoblins
  13 jackals
  9 quokkas
  A river rat zombie (Crypt:2)
  13 bats
  6 frilled lizards
  A gnoll skeleton (Crypt:1)
  A goblin skeleton (Crypt:2)
  21 kobolds
  A leopard gecko zombie (D:8)
  A quokka skeleton (D:5)
  2 quokka zombies (D:6)
  A rat (shapeshifter) (Vaults:5)
  6 rats
  25 blocks of ice
  14 plants
  A starspawn tentacle (Zig:13)
2115 creatures vanquished.

Vanquished Creatures (collateral kills)
  4 ancient liches
  5 greater mummies
  Bai Suzhen (Depths:3)
  Frederick (Crypt:1)
  Margery (Depths:3)
  A caustic shrike (Depths:4)
  the Enchantress (Depths:2)
  5 golden dragons
  A bone dragon (Crypt:3)
  Rupert (Spider:1)
  3 tentacled monstrosities (Vaults:5)
  The ghost of soark the Eclecticist, an adept DEFE of Vehumet (Depths:3)
  4 liches
  2 quicksilver dragons
  The ghost of magipi the Marksminotaur, an adept MiSk of Okawaru (Depths:1)
  2 titans (Vaults:5)
  Frances (Spider:1)
  10 sphinxes
  2 shadow dragons (Vaults:5)
  A storm dragon (Vaults:5)
  4 tengu reavers (Vaults:5)
  4 revenants
  3 fire giants
  5 frost giants
  3 imperial myrmidons (Desolation)
  Louise (Spider:1)
  A balrug (Depths:1)
  A curse skull (Crypt:3)
  Aizul (Depths:3)
  2 angels (Depths:4)
  16 vault wardens
  8 ironheart preservers
  3 spriggan defenders
  3 ghouls (Crypt:2)
  3 deep elf elementalists
  A stone giant (shapeshifter) (Depths:2)
  3 war gargoyles
  2 juggernaut skeletons
  16 very ugly things
  5 vampire knights
  4 caustic shrike skeletons (Depths:2)
  12 stone giants
  6 entropy weavers
  2 bennus (Tomb:1)
  A deep elf demonologist (Vaults:5)
  2 dire elephants (shapeshifter)
  A halazid warlock (Desolation)
  A yellow draconian (Depths:5)
  A black draconian (Depths:5)
  6 deep elf annihilators
  6 eidola
  3 spark wasps
  9 ettins
  A quicksilver dragon zombie (Vaults:5)
  3 crystal guardians (Desolation)
  6 fire dragons
  8 jiangshi
  11 ragged hierophants (Desolation)
  7 mummy priests
  A spectral golden dragon (Crypt:1)
  3 deep elf death magi
  4 ogre magi
  3 vault guards
  A deep elf high priest (Vaults:5)
  2 ice dragons
  4 great orbs of eyes
  11 yaktaur captains
  2 quicksilver dragon skeletons
  5 servants of whispers (Desolation)
  A hydra (Zig:9)
  4 peacekeepers (Desolation)
  A centaur warrior (Depths:1)
  3 spriggan air magi
  11 two-headed ogres
  A dancing weapon (Vaults:5)
  6 death knights
  3 spriggan berserkers (Depths:3)
  5 vampire magi
  A deep troll shaman (Depths:3)
  4 tengu warriors
  5 deep troll earth magi
  2 death yaks (Depths:2)
  A deep elf knight (Vaults:4)
  11 hell knights
  A soul eater (Depths:4)
  A titan zombie (Crypt:1)
  A storm dragon zombie (Vaults:5)
  4 iron trolls (Depths:3)
  A wretched star (Zig:13)
  A golden dragon zombie (Depths:4)
  26 skeletal warriors
  A glowing orange brain (Vaults:2)
  4 flayed ghosts
  2 spriggan druids (Depths:2)
  A shadow wraith (Crypt:1)
  A deep troll (shapeshifter) (Depths:5)
  13 deep trolls
  2 phantasmal warriors
  3 deep elf archers
  A golden dragon skeleton (Depths:4)
  8 ironbrand convokers
  A shadow dragon zombie (Vaults:5)
  6 necromancers
  6 orb spiders
  16 orc knights
  3 harpies (Vaults:5)
  6 wolf spiders
  4 mana vipers (Depths:3)
  A shadow dragon skeleton (Crypt:1)
  3 deep elf magi
  A fire giant zombie (Vaults:5)
  25 ugly things
  An oklob plant (Zig:13)
  2 frost giant zombies
  7 vault sentinels
  A moth of wrath (Spider:1)
  A stone giant skeleton (Crypt:1)
  A dire elephant zombie (Crypt:3)
  2 rust devils
  A guardian serpent (shapeshifter) (Depths:2)
  10 fire giant skeletons (Crypt:3)
  2 guardian serpents (Desolation)
  A spriggan skeleton (Zig:12)
  A gargoyle (Crypt:3)
  A storm dragon simulacrum (Tomb:1)
  A molten gargoyle (Desolation)
  2 dire elephant skeletons
  A yaktaur (shapeshifter) (Vaults:1)
  A purple draconian zombie (Crypt:2)
  A rime drake (Lair:2)
  6 freezing wraiths
  A demonic crawler (Spider:4)
  A komodo dragon (shapeshifter) (Vaults:2)
  19 yaktaurs
  13 guardian mummies
  A sea snake skeleton (Crypt:2)
  A catoblepas skeleton (Crypt:1)
  A tengu conjurer (Depths:4)
  A yaktaur skeleton (Vaults:5)
  A hydra zombie (Crypt:1)
  2 polar bears
  41 saltlings (Desolation)
  3 slime creatures (Vaults:2)
  A large abomination (Zig:13)
  8 hornets
  A hydra skeleton (Crypt:1)
  10 jumping spiders
  A guardian serpent zombie (Crypt:2)
  A slime creature (shapeshifter) (Vaults:5)
  A bog body (Crypt:2)
  A fire giant simulacrum (Crypt:1)
  An ettin zombie (Crypt:3)
  2 flying skulls
  A fire dragon zombie (Crypt:1)
  An ice dragon skeleton (Tomb:1)
  7 tarantellas
  3 shadows
  An ettin skeleton (Crypt:3)
  18 spriggans (Depths:2)
  A tarantella (shapeshifter) (Vaults:3)
  9 yaks
  29 redbacks
  A water elemental (Depths:1)
  6 fire dragon skeletons
  A vampire (Crypt:3)
  3 wraiths (Crypt:3)
  2 yaks (shapeshifter)
  3 ushabtiu
  2 hungry ghosts (Crypt:3)
  2 chaos spawn (Depths:1)
  An acid dragon (Vaults:1)
  2 porcupines
  4 orc warriors
  A swamp drake (Zig:9)
  An elephant zombie (Crypt:1)
  5 ogres
  A boggart (Vaults:3)
  A snapping turtle zombie (Crypt:1)
  A crocodile (Lair:2)
  A raiju zombie (Crypt:1)
  A raiju skeleton (Crypt:2)
  A wolf zombie (Crypt:2)
  A crimson imp (Depths:4)
  An iron imp (Depths:3)
  An orc priest (Vaults:5)
  A black bear zombie (Crypt:1)
  2 orc wizards (Vaults:5)
  A tengu skeleton (Crypt:3)
  10 mummies
  A shadow imp (Depths:3)
  A white imp (Vaults:4)
  7 orcs
  A gnoll skeleton (Crypt:1)
  A leopard gecko skeleton (Crypt:2)
  5 blocks of ice
  A fire vortex (Tomb:1)
  6 plants
  17 withered plants (Crypt:3)
783 creatures vanquished.

Vanquished Creatures (others)
  A tengu reaver (Vaults:3)
  9 death scarabs (Tomb:1)
  2 ball lightnings (Swamp:3)
  59 blocks of ice
  2 fire vortices
  4 fungi
  24 plants
  2 starspawn tentacles (Zig:13)
  A withered plant (Crypt:3)
104 creatures vanquished.

Grand Total: 3002 creatures vanquished

Notes
Turn   | Place    | Note
-------+----------+-------------------------------------------
     0 | D:1      | 4thArraOfDagon the Mummy Fire Elementalist began the quest for the Orb.
     0 | D:1      | Reached XP level 1. HP: 13/13 MP: 4/4
    39 | D:1      | Reached skill level 1 in Conjurations
    74 | D:1      | Reached XP level 2. HP: 10/19 MP: 0/5
   152 | D:1      | Reached skill level 3 in Spellcasting
   200 | D:2      | Reached XP level 3. HP: 7/24 MP: 1/7
   205 | D:2      | Learned a level 3 spell: Conjure Flame
   337 | D:3      | HP: 1/24 [adder (2)]
   699 | D:5      | Entered Level 5 of the Dungeon
   734 | D:5      | Reached XP level 4. HP: 22/30 MP: 4/9
   742 | D:5      | Learned a level 4 spell: Sticky Flame
   770 | D:5      | Found Wetet's General Store.
   777 | D:5      | Bought a scroll of identify for 26 gold pieces
   777 | D:5      | Bought a scroll of teleportation for 39 gold pieces
   833 | D:5      | Reached XP level 5. HP: 21/35 MP: 1/10
   897 | D:5      | Found Koq Quan's Jewellery Boutique.
   907 | D:5      | :(
   933 | D:5      | You fall through a shaft for 2 floors!
   964 | D:7      | Found Nauxkux's Assorted Antiques.
   977 | D:7      | Reached skill level 4 in Spellcasting
  1019 | D:7      | Noticed a centaur
  1063 | D:7      | Found Worrokux's Armour Boutique.
  1067 | D:7      | :(
  1128 | D:7      | Found Vesma's Armour Shop.
  1136 | D:7      | (
  1164 | D:7      | Found Weleple's Food Emporium.
  1170 | D:7      | :(
  1178 | D:7      | Noticed a black bear
  1278 | D:6      | Noticed Prince Ribbit
  1415 | D:5      | Noticed Menkaure
  1451 | D:6      | Reached XP level 6. HP: 14/41 MP: 5/12
  1458 | D:6      | Learned a level 5 spell: Fireball
  1633 | D:7      | Found an ornate altar of the Wu Jian Council.
  1635 | D:7      | Found a stormy altar of Qazlal.
  1771 | D:7      | Reached XP level 7. HP: 27/46 MP: 6/14
  1821 | D:7      | Bought a scroll of remove curse for 87 gold pieces
  1852 | D:7      | Reached skill level 5 in Spellcasting
  1891 | D:8      | Reached skill level 5 in Fire Magic
  1955 | D:8      | Found a blossoming altar of Fedhas.
  1984 | D:8      | Noticed a gargoyle
  2231 | D:5      | Reached XP level 8. HP: 32/52 MP: 6/16
  2245 | D:5      | Found a glowing golden altar of the Shining One.
  2245 | D:5      | Noticed an angel
  2252 | D:5      | Found a runed door.
  2256 | D:5      | Reached skill level 5 in Conjurations
  2297 | D:5      | Found Quvy's Armour Emporium.
  2392 | D:5      | Found a hazy altar of Hepliaklqana.
  2392 | D:5      | Found a basalt altar of Yredelemnul.
  2720 | D:4      | Reached skill level 6 in Spellcasting
  2788 | D:4      | Found a radiant altar of Vehumet.
  2789 | D:4      | Found a burning altar of Makhleb.
  2794 | D:4      | Became a worshipper of Vehumet
  3613 | D:2      | Reached * piety under Vehumet
  3613 | D:2      | Offered knowledge of Sandblast by Vehumet.
  3634 | D:2      | Noticed Robin
  3648 | D:2      | Killed Robin
  3819 | D:2      | Found a shimmering altar of Xom.
  4112 | D:3      | Found a snail-covered altar of Cheibriados.
  4440 | D:4      | Noticed Pikel
  4465 | D:4      | Killed Pikel
  4773 | D:5      | Killed Menkaure
  4773 | D:5      | Reached XP level 9. HP: 57/57 MP: 15/19
  4866 | D:5      | Reached skill level 7 in Spellcasting
  5356 | D:6      | Got a faintly glowing robe
  5357 | D:6      | Identified the +2 robe of Moral Flaws {rC++ Regen+ Str-3} (You took it off a crimson imp on level 6 of the Dungeon)
  5381 | D:6      | Found a staircase to the Ecumenical Temple.
  5579 | D:6      | 4thArraOfDagon: /quit
  5579 | D:6      | 4thArraOfDagon: /exit
  5579 | D:6      | 4thArraOfDagon: !log
  5579 | D:6      | beem: 14517. 4thArraOfDagon, XL8 MuFE, T:3682: https://crawl.xtahua.com/crawl/morgue/4thArraOfDagon/morgue-4thArraOfDagon-20180417-145954.txt
  5579 | D:6      | beem: 14517. 4thArraOfDagon, XL8 MuFE, T:3682: https://crawl.xtahua.com/crawl/morgue/4thArraOfDagon/morgue-4thArraOfDagon-20180417-145954.txt
  5579 | D:6      | 4thArraOfDagon: #
  5579 | D:6      | 4thArraOfDagon: !#
  5606 | D:6      | Reached ** piety under Vehumet
  5606 | D:6      | Offered knowledge of Searing Ray by Vehumet.
  5807 | D:6      | Noticed Sigmund
  5829 | D:6      | Killed Sigmund
  6264 | D:7      | Found Tuninoph's Jewellery Shoppe.
  6398 | D:7      | Killed Prince Ribbit
  6578 | D:7      | Found a shadowy altar of Dithmenos.
  6704 | D:7      | Reached skill level 8 in Spellcasting
  6826 | D:5      | Bought an uncursed ring of fire for 375 gold pieces
  7021 | D:8      | Killed a gargoyle
  7021 | D:8      | Reached XP level 10. HP: 63/63 MP: 1/22
  7168 | D:8      | Thaneod: !lg 4thArraOfDagon -Op
  7168 | D:8      | beem: Unknown option: op
  7168 | D:8      | Thaneod: !lg 4thArraOfDagon *Op
  7168 | D:8      | beem: No keyword '*Op'
  7168 | D:8      | Thaneod: !lg 4thArraOfDagon -10
  7184 | D:8      | beem: 14508/14517. 4thArraOfDagon the Firebug (L1 OpFE), slain by a bat on D:1 on 2018-04-16 14:00:42, with 4 points after 53 turns and 0:00:27.
  7218 | D:8      | 4thArraOfDagon: a
  7218 | D:8      | 4thArraOfDagon: hej
  7218 | D:8      | Thaneod: !lg 4thArraOfDagon -11
  7218 | D:8      | beem: 14507/14517. 4thArraOfDagon the Arsonist (L12 OpFE of Elyvilon), slain by a four-headed hydra on D:12 on 2018-04-16 12:48:20, with 15943 points after 8849 turns and 0:36:54.
  7218 | D:8      | 4thArraOfDagon: nic niewygralem
  7398 | D:9      | Thaneod: jakżeś zginął
  7470 | D:9      | Offered knowledge of Dazzling Spray by Vehumet.
  7479 | D:9      | Thaneod: !hs Thaneod
  7479 | D:9      | beem: 1066. Thaneod the Bringer of Light (L27 VSBe of The Shining One), escaped with the Orb and 15 runes on 2018-04-15 13:58:21, with 21898052 points after 69186 turns and 3:47:23.
  7608 | D:9      | Found a blossoming altar of Fedhas.
  7609 | D:9      | Found an ancient bone altar of Kikubaaqudgha.
  7635 | D:9      | Reached *** piety under Vehumet
  7977 | D:9      | Found a staircase to the Orcish Mines.
  8086 | D:10     | Entered Level 10 of the Dungeon
  8347 | D:10     | Offered knowledge of Stone Arrow by Vehumet.
  8521 | D:10     | Found a white marble altar of Elyvilon.
  8541 | D:10     | Reached skill level 9 in Spellcasting
  8822 | D:11     | Noticed a gargoyle
  8823 | D:11     | Killed a gargoyle
  8823 | D:11     | Reached skill level 1 in Fighting
  8878 | D:11     | Noticed a green ugly thing
  8890 | D:11     | Killed a green ugly thing
  8890 | D:11     | Reached skill level 1 in Armour
  8918 | D:11     | Noticed a two-headed ogre
  8932 | D:11     | Killed a two-headed ogre
  8932 | D:11     | Reached XP level 11. HP: 20/72 MP: 6/24
  9020 | D:11     | Found a staircase to the Lair.
  9022 | D:11     | Noticed a death yak
  9045 | D:12     | Noticed a red ugly thing
  9133 | D:12     | Reached **** piety under Vehumet
  9192 | D:12     | Noticed a wizard
  9193 | D:12     | Noticed an enchanted great sword
  9196 | D:12     | Noticed Harold
  9229 | D:12     | Killed a wizard
  9492 | D:12     | Noticed Erica
  9514 | D:12     | Killed Erica
  9523 | D:12     | Noticed a deep elf knight
  9535 | D:12     | Killed a deep elf knight
  9586 | D:12     | Noticed a deep elf knight
  9599 | D:12     | Killed a deep elf knight
  9656 | D:12     | Killed Harold
  9720 | D:12     | Offered knowledge of Iskenderun's Battlesphere by Vehumet.
  9772 | D:12     | Reached skill level 10 in Spellcasting
  9776 | D:12     | Reached skill level 10 in Fire Magic
  9881 | D:10     | Killed a death yak
 10029 | D:11     | Noticed a death yak
 10029 | D:11     | Noticed a death yak
 10032 | D:11     | Killed a death yak
 10032 | D:11     | Reached XP level 12. HP: 83/83 MP: 4/26
 10033 | D:11     | Killed a death yak
 10051 | D:11     | Reached skill level 10 in Conjurations
 10082 | D:11     | Noticed a two-headed ogre
 10132 | D:11     | Killed a two-headed ogre
 10376 | D:11     | Reached ***** piety under Vehumet
 10414 | D:11     | Offered knowledge of Bolt of Fire by Vehumet.
 10430 | D:11     | Learned a level 6 spell: Bolt of Fire
 11163 | D:13     | Noticed a centaur warrior
 11164 | D:13     | Killed a centaur warrior
 11266 | D:13     | Noticed a six-headed hydra
 11269 | D:13     | Noticed a centaur warrior
 11275 | D:13     | Killed a six-headed hydra
 11277 | D:13     | Killed a centaur warrior
 11277 | D:13     | Reached skill level 5 in Fighting
 11453 | D:13     | Noticed a sphinx
 11463 | D:13     | Killed a sphinx
 11463 | D:13     | Reached skill level 11 in Spellcasting
 11534 | D:13     | Noticed an ogre mage
 11545 | D:13     | Killed an ogre mage
 11545 | D:13     | Gained mutation: You are in touch with the powers of death. [Mummy growth]
 11545 | D:13     | Reached XP level 13. HP: 83/91 MP: 19/28
 11547 | D:13     | Noticed a sphinx
 11552 | D:13     | a sphinx changed into an alligator snapping turtle
 11614 | D:13     | Got a scorched shortbow
 11620 | D:13     | Noticed a caustic shrike
 11622 | D:13     | Noticed a golden dragon
 11622 | D:13     | a caustic shrike changed into a golden dragon
 11624 | D:13     | Noticed an iron giant
 11624 | D:13     | a golden dragon changed into an iron giant
 11644 | D:13     | Leszczynek: that seems awfully higher HD than a sphinx or a turtle
 11663 | D:13     | Got a bloodstained falchion {slice}
 11666 | D:13     | Reached skill level 5 in Dodging
 11766 | D:13     | Identified the +2 shortbow "Veatteap" {freeze, rF+ rC+ Dex-4} (You found it on level 13 of the Dungeon)
 11767 | D:13     | Identified the cursed +1 falchion of the Eggplant {slice, Str+3} (You took it off an orc on level 13 of the Dungeon)
 11868 | D:13     | Found a gate to the Vaults.
 11976 | D:13     | Identified the cursed +0 robe of Jipi {rElec rN+} (You found it on level 13 of the Dungeon)
 12176 | D:14     | Reached skill level 5 in Armour
 12201 | D:14     | Reached skill level 1 in Evocations
 12396 | D:14     | Found an ornate altar of the Wu Jian Council.
 12396 | D:14     | Found a blossoming altar of Fedhas.
 12897 | D:15     | Entered Level 15 of the Dungeon
 12913 | D:15     | Reached skill level 12 in Spellcasting
 13016 | D:15     | Reached XP level 14. HP: 98/98 MP: 13/30
 13070 | D:15     | Found a labyrinth entrance.
 13082 | Lab      | Entered a labyrinth
 13309 | Lab      | Got a warped granite ring
 13312 | Lab      | Identified the ring "Kasant" {Fire rN+ Slay+2 SInv} (You found it in a labyrinth)
 13556 | Lab      | Got a transparent quarterstaff
 13556 | Lab      | Got a bloodstained chain mail
 13560 | Lab      | Identified the +8 quarterstaff "Ivveh" {flame, rC+} (You found it in a labyrinth)
 13571 | Lab      | Identified the +2 chain mail "Jopn" {*Contam rC+ Slay+2} (You found it in a labyrinth)
 14056 | D:15     | Reached ****** piety under Vehumet
 14082 | D:15     | Found a staircase to the Depths.
 14405 | D:15     | Offered knowledge of Throw Icicle by Vehumet.
 14471 | D:15     | Learned a level 4 spell: Throw Icicle
 14602 | Orc:1    | Entered Level 1 of the Orcish Mines
 14657 | Orc:2    | Entered Level 2 of the Orcish Mines
 14850 | Orc:2    | Found a frozen archway.
 14856 | IceCv    | Entered an ice cave
 15124 | IceCv    | Identified the +1 ring mail of Impressiveness {-Cast rElec rPois MR++ Str+4} (You found it in an ice cave)
 15262 | IceCv    | Noticed a frost giant
 15271 | IceCv    | Killed a frost giant
 15362 | Orc:2    | Reached skill level 13 in Spellcasting
 15436 | Orc:2    | Offered knowledge of Lee's Rapid Deconstruction by Vehumet.
 15436 | Orc:2    | Reached skill level 5 in Evocations
 15450 | Orc:2    | Noticed a stone giant
 15570 | Orc:1    | Found Zulismem's Armour Emporium.
 15722 | Orc:1    | Noticed Urug
 15728 | Orc:1    | Noticed Erolcha
 15728 | Orc:1    | Killed Urug
 15800 | Orc:1    | Killed Erolcha
 15904 | Orc:2    | Reached XP level 15. HP: 110/110 MP: 31/32
 16094 | Orc:2    | Found Epsios's Antique Armour Shoppe.
 16103 | Orc:2    | Reached skill level 10 in Fighting
 16148 | Orc:2    | Found a staircase to the Elven Halls.
 16196 | Orc:2    | Found Yrghituf's Weapon Emporium.
 16223 | Orc:2    | Found Yzedut's Gadget Shop.
 16244 | Orc:2    | Found Falanag's Armour Emporium.
 16288 | Orc:2    | Learned a level 5 spell: Lee's Rapid Deconstruction
 16297 | Orc:2    | Bought a pair of runed boots for 195 gold pieces
 16378 | Elf:1    | Entered Level 1 of the Elven Halls
 16667 | Elf:3    | Entered Level 3 of the Elven Halls
 16852 | Elf:3    | Found a portal to a secret trove of treasure.
 17078 | Elf:1    | Noticed a deep elf sorcerer
 17082 | Elf:1    | Killed a deep elf sorcerer
 17100 | Elf:1    | Learned a level 8 spell: Infestation
 17184 | Elf:1    | Reached skill level 1 in Necromancy
 17246 | Elf:2    | Offered knowledge of Spellforged Servitor by Vehumet.
 17638 | Elf:3    | Reached skill level 5 in Necromancy
 17885 | Elf:3    | Reached XP level 16. HP: 107/133 MP: 20/33
 18090 | Elf:3    | Reached skill level 14 in Spellcasting
 18599 | Elf:3    | Noticed a deep elf blademaster
 18607 | Elf:3    | Killed a deep elf blademaster
 18840 | Elf:3    | Noticed a deep elf master archer
 18842 | Elf:3    | Killed a deep elf master archer
 18842 | Elf:3    | Reached skill level 15 in Spellcasting
 18922 | Elf:3    | Reached skill level 10 in Necromancy
 18980 | Elf:3    | Noticed a deep elf master archer
 18982 | Elf:3    | Killed a deep elf master archer
 19069 | Elf:3    | Identified the Collected Works on Conjuration
 19077 | Elf:3    | Identified the Compendium of Bewitching Talismans
 19081 | Elf:3    | Identified the Tome of Doomed Good Luck
 19123 | Elf:3    | Identified Niez's Compendium of Abstinence
 19139 | Elf:3    | Identified the +8 shortbow "Mimmi" {velocity, +Blink MR- Str+10 Int-5} (You found it on level 3 of the Elven Halls)
 19143 | Elf:3    | Identified the cursed +1 war axe of Dynuamim {vamp, *Rage rElec rPois rN+ SInv} (You found it on level 3 of the Elven Halls)
 19361 | Lair:1   | Entered Level 1 of the Lair of Beasts
 19506 | Lair:1   | Thaneod: what trove want?
 19538 | Lair:1   | 4thArraOfDagon: storm drag +3
 19617 | Lair:1   | Noticed Grum
 19619 | Lair:1   | Killed Grum
 19928 | Lair:5   | Offered knowledge of Poison Arrow by Vehumet.
 19972 | Lair:5   | Reached skill level 1 in Shields
 20074 | Lair:5   | Reached XP level 17. HP: 139/139 MP: 5/36
 20407 | Lair:6   | Entered Level 6 of the Lair of Beasts
 20407 | Lair:6   | Noticed Snorg
 20628 | Lair:6   | Identified the Incunabulum of Mutagenic Earth
 20720 | Lair:6   | Killed Snorg
 20720 | Lair:6   | Reached skill level 16 in Spellcasting
 20721 | Lair:6   | Offered knowledge of Iron Shot by Vehumet.
 20931 | Lair:6   | Found a viscous altar of Jiyva.
 20933 | Lair:6   | Found a staircase to the Slime Pits.
 21259 | Lair:4   | Upgraded the game from 0.22-a0-355-g201945f to 0.22-a0-357-ga98e25f
 21281 | Lair:4   | Found a hole to the Spider Nest.
 21479 | Lair:3   | hmm
 21820 | Lair:4   | Found a staircase to the Swamp.
 21830 | Swamp:1  | Entered Level 1 of the Swamp
 21975 | Swamp:1  | Offered knowledge of Conjure Ball Lightning by Vehumet.
 22036 | Swamp:1  | Learned a level 6 spell: Conjure Ball Lightning
 22287 | Swamp:2  | Reached skill level 17 in Spellcasting
 22684 | Swamp:2  | Reached XP level 18. HP: 146/146 MP: 34/39
 22934 | Swamp:2  | Offered knowledge of Glaciate by Vehumet.
 22934 | Swamp:2  | Offered knowledge of Tornado by Vehumet.
 22934 | Swamp:2  | Offered knowledge of Ignition by Vehumet.
 22945 | Swamp:2  | Learned a level 9 spell: Glaciate
 22958 | Swamp:2  | Learned a level 9 spell: Tornado
 22964 | Swamp:3  | Noticed Nikola
 22978 | Swamp:3  | Killed Nikola
 23053 | Swamp:3  | 4thArraOfDagon: hey
 23053 | Swamp:3  | 4thArraOfDagon: somethings messed up
 23111 | Swamp:3  | Learned a level 8 spell: Ignition
 23249 | Swamp:4  | Entered Level 4 of the Swamp
 23397 | Swamp:4  | Noticed Kirke
 23400 | Swamp:4  | Reached skill level 1 in Ice Magic
 23400 | Swamp:4  | Killed Kirke
 23801 | Swamp:4  | Reached skill level 5 in Ice Magic
 23950 | Swamp:4  | Got a decaying rune of Zot
 24157 | Spider:1 | Entered Level 1 of the Spider Nest
 24171 | Spider:1 | Noticed Frances
 24174 | Spider:1 | Noticed Louise
 24178 | Spider:1 | Noticed Rupert
 24185 | Spider:1 | Killed Frances
 24189 | Spider:1 | Killed Rupert
 24194 | Spider:1 | Killed Louise
 24256 | Spider:1 | Found the ring of the Octopus King
 24270 | Spider:1 | Identified a ring of the Octopus King {Wiz AC+1 EV+1 Str+1 Int+1 Dex+1} (You found it on level 1 of the Spider Nest)
 24326 | Spider:2 | Identified the +2 chain mail of the Leaf {Dex+8} (You found it on level 2 of the Spider Nest)
 24547 | Spider:4 | Entered Level 4 of the Spider Nest
 24734 | Spider:4 | Reached XP level 19. HP: 152/152 MP: 40/40
 25271 | Spider:4 | Got a gossamer rune of Zot
 25929 | Depths:1 | Entered Level 1 of the Depths
 26229 | Slime:1  | Entered Level 1 of the Pits of Slime
 26512 | Slime:3  | Reached skill level 15 in Necromancy
 26757 | Slime:5  | Entered Level 5 of the Pits of Slime
 26776 | Slime:5  | Noticed the Royal Jelly
 27175 | Slime:1  | wormsofcan: I hope you enjoyed your 0% spell failure
 27179 | Slime:1  | 4thArraOfDagon: ye, that was weird
 27193 | Slime:1  | wormsofcan: I'm rebuilding it so it should be fixed soon
 27193 | Slime:1  | 4thArraOfDagon: its still there!
 27193 | Slime:1  | wormsofcan: I'll tell you when you can quit and reload
 27193 | Slime:1  | 4thArraOfDagon: k
 27193 | Slime:1  | wormsofcan: but if you want 0% glaciate.....
 27286 | Slime:3  | Reached skill level 10 in Evocations
 27413 | Slime:4  | Reached XP level 20. HP: 159/159 MP: 25/41
 27422 | Slime:4  | wormsofcan: alright, rebuild confirmed
 27429 | Slime:4  | 4thArraOfDagon: k, reload?
 27429 | Slime:4  | wormsofcan: you can save and quit if you want normal stuff
 27429 | Slime:4  | Upgraded the game from 0.22-a0-357-ga98e25f to 0.22-a0-358-g7563fe7
 27429 | Slime:4  | 4thArraOfDagon: works fine now
 27437 | Slime:4  | wormsofcan: nice
 27629 | Slime:4  | 4thArraOfDagon: suprisingly
 27629 | Slime:4  | 4thArraOfDagon: 3bards tornado sucks hard
 27629 | Slime:4  | wormsofcan: haha
 27629 | Slime:4  | 4thArraOfDagon: I couldnt kill single worm
 27629 | Slime:4  | wormsofcan: I forget if the monster needs to be further or closer to the center to get the damage bonus
 27629 | Slime:4  | 4thArraOfDagon: but 5 bars graciate works perfectly fine ;)
 27629 | Slime:4  | wormsofcan: heh
 27638 | Slime:5  | wormsofcan: well that dream is dead now, I hope you don't regret it........
 27638 | Slime:5  | 4thArraOfDagon: ye, for a moment I thought of creating multi accs and create defe on each one of them
 27638 | Slime:5  | wormsofcan: hahaha
 27638 | Slime:5  | 4thArraOfDagon: and grind that 15k defe score :D
 27653 | Slime:5  | 4thArraOfDagon: I hope there was no such psychopath around a while ago...
 27666 | Slime:4  | 4thArraOfDagon: :)
 27795 | Slime:4  | wormsofcan: only this server and jorgrun had it
 27802 | Slime:4  | wormsofcan: and for about an hour
 27884 | Slime:5  | 4thArraOfDagon: was that a result of encrypting or anything like that? I thought every server have same code installed
 27971 | Slime:2  | wormsofcan: no, they have different build times
 27977 | Slime:1  | wormsofcan: xtahua build about 2 hours ago
 27983 | Slime:1  | wormsofcan: jorgrun builds every hour
 28055 | Slime:3  | wormsofcan: I forced the last xtahua rebuild to make sure the fix came through
 28055 | Slime:3  | wormsofcan: otherwise most server update every 24 hours
 28055 | Slime:3  | 4thArraOfDagon: is there even a testing machine before you release?
 28064 | Slime:5  | wormsofcan: too much effort for me :v
 28067 | Slime:4  | wormsofcan: normally I just commit graphics
 28089 | Slime:4  | 4thArraOfDagon: I wouldn't dare, especially when I'm working for bank. Unsuccessful change on prod can result in milions $ losses
 28109 | Slime:5  | wormsofcan: well it's a good thing crawl isn't a bank lol
 28209 | Slime:5  | wormsofcan: is ignition castable?
 28209 | Slime:5  | wormsofcan: nice
 28209 | Slime:5  | 4thArraOfDagon: ye
 28209 | Slime:5  | Killed the Royal Jelly
 28211 | Slime:5  | wormsofcan: dang, 50% hp gone
 28212 | Slime:5  | wormsofcan: good immolate
 28212 | Slime:5  | 4thArraOfDagon: ye
 28212 | Slime:5  | 4thArraOfDagon: I'm suprised with the result
 28212 | Slime:5  | 4thArraOfDagon: got very lucky with spawns
 28246 | Slime:3  | wormsofcan: powerful walking strats...
 28427 | Slime:5  | Got a slimy rune of Zot
 28449 | Slime:5  | Identified the +0 cloak of the Rabble {rPois} (You found it on level 5 of the Pits of Slime)
 28451 | Slime:5  | Identified the amulet of Free Expression {Spirit rPois rN++} (You found it on level 5 of the Pits of Slime)
 28476 | Slime:5  | Identified the cursed +0 ring mail of Mabiussime {Dex+3} (You found it on level 5 of the Pits of Slime)
 28506 | Slime:5  | Identified the +0 whip of Defence by Offence {flame, Int+4} (You found it on level 5 of the Pits of Slime)
 28868 | Vaults:1 | Entered Level 1 of the Vaults
 29138 | Vaults:1 | Reached skill level 10 in Ice Magic
 29888 | Vaults:3 | Reached XP level 21. HP: 123/165 MP: 5/42
 29947 | Vaults:3 | Noticed Sojobo
 29976 | Vaults:3 | Killed Sojobo
 30404 | Vaults:3 | Noticed Mara
 30407 | Vaults:3 | Noticed 4thArraOfDagon's illusion
 30435 | Vaults:3 | Killed Mara
 30673 | Vaults:3 | Found a staircase to the Crypt.
 30871 | Vaults:4 | Identified the +2 ring mail of the Cuttlefish {rElec Str+4} (You found it on level 4 of the Vaults)
 30986 | Vaults:4 | Found a ruined gateway.
 31031 | Desolati | Entered the Desolation of Salt
 31153 | Desolati | Got a faintly glowing glass ring
 31155 | Desolati | Got a pair of twisted gloves
 31156 | Desolati | Identified the Guide on Dark Arts and Execration
 31238 | Desolati | Reached skill level 15 in Conjurations
 31450 | Desolati | Got an ancient lapis lazuli ring
 31491 | Desolati | Identified Siylif's Compendium of Ashen Changing
 31578 | Vaults:4 | Identified the ring "Koedghil" {rPois MR+} (You found it in the Desolation of Salt)
 31580 | Vaults:4 | Identified the ring of the Monkey {rF+ rC+ Stlth+} (You found it in the Desolation of Salt)
 31593 | Vaults:4 | Identified the +2 pair of gloves "Ycrean" {*Drain MR++ Int+5} (You found it in the Desolation of Salt)
 31650 | Vaults:4 | wormsofcan: I think you don't benefit from multiple wizardry source under Vehumet
 31652 | Vaults:4 | wormsofcan: you hit the wizardry cap at 1 source
 32183 | Vaults:4 | Reached XP level 22. HP: 156/172 MP: 7/43
 33044 | Crypt:1  | Entered Level 1 of the Crypt
 33133 | Crypt:1  | Noticed Frederick
 33138 | Crypt:1  | Killed Frederick
 33374 | Crypt:1  | Identified the Guide on Evil
 33441 | Crypt:1  | Noticed Rhok's ghost (veteran DrFi)
 33453 | Crypt:1  | Killed Rhok's ghost
 33493 | Crypt:1  | rip bud
 33984 | Crypt:3  | Entered Level 3 of the Crypt
 34669 | Crypt:3  | Found a staircase to the Tomb.
 34669 | Crypt:3  | Noticed an ancient lich
 34683 | Crypt:3  | Killed an ancient lich
 35082 | Crypt:3  | Found an ancient bone altar of Kikubaaqudgha.
 35088 | Crypt:3  | Noticed an ancient lich
 35095 | Crypt:3  | Killed an ancient lich
 35095 | Crypt:3  | Reached XP level 23. HP: 178/178 MP: 10/44
 35332 | Tomb:1   | Entered Level 1 of the Tomb of the Ancients
 35368 | Tomb:1   | Noticed Jorgrun
 35374 | Tomb:1   | Killed Jorgrun
 35606 | Tomb:1   | Noticed a greater mummy
 35609 | Tomb:1   | Killed a greater mummy
 35686 | Tomb:1   | Noticed an ancient lich
 35690 | Tomb:1   | Killed an ancient lich
 35693 | Tomb:1   | Noticed a greater mummy
 35699 | Tomb:1   | Killed a greater mummy
 35966 | Tomb:1   | Learned a level 8 spell: Controlled Blink
 35973 | Tomb:1   | Learned a level 6 spell: Bolt of Fire
 37009 | Depths:1 | Noticed magipi's ghost (adept MiSk)
 37020 | Depths:1 | Killed magipi's ghost
 37028 | Depths:1 | rip bud
 37074 | Depths:1 | Found a one-way gate leading to the halls of Pandemonium.
 37488 | Depths:2 | Found a gateway to Hell.
 37651 | Depths:2 | Reached skill level 15 in Ice Magic
 37773 | Depths:2 | Found a bloodstained altar of Trog.
 37785 | Depths:2 | Identified the ring of the Leaf {rF++ rN+ Dex+4} (You found it on level 2 of the Depths)
 38255 | Depths:2 | Noticed the Enchantress
 38267 | Depths:2 | Killed the Enchantress
 38303 | Depths:2 | Identified the +0 faerie dragon scales {rCorr Str+8 Dex-4} (You took it off the Enchantress on level 2 of the Depths)
 38373 | Depths:2 | Got an ancient plate armour
 38384 | Depths:2 | Identified the +4 plate armour "Kaot" {rElec} (You found it on level 2 of the Depths)
 38441 | Depths:2 | Found a one-way gate to the infinite horrors of the Abyss.
 38690 | Depths:3 | Noticed Aizul
 38690 | Depths:3 | Reached XP level 24. HP: 168/185 MP: 12/44
 38692 | Depths:3 | Got a jewelled ring mail
 38693 | Depths:3 | Killed Aizul
 38762 | Depths:3 | Noticed Bai Suzhen
 38768 | Depths:3 | Killed Bai Suzhen
 38780 | Depths:3 | Noticed soark's ghost (adept DEFE)
 38788 | Depths:3 | Killed soark's ghost
 38791 | Depths:3 | rip bud
 38821 | Depths:3 | Noticed Margery
 38843 | Depths:3 | Killed Margery
 38922 | Depths:3 | Found a runed door.
 38984 | Depths:3 | Found a runed door.
 38990 | Depths:3 | Noticed an ancient lich
 39002 | Depths:3 | Killed an ancient lich
 39228 | Depths:3 | Found a blossoming altar of Fedhas.
 39462 | Depths:4 | Identified the +1 ring mail of Curiosity {+Blink +Inv} (You found it on level 3 of the Depths)
 39483 | Depths:4 | Found a gateway to a ziggurat.
 39493 | Depths:4 | Noticed Mennas
 39542 | Depths:5 | Entered Level 5 of the Depths
 40405 | Depths:3 | Found a corrupted altar of Lugonu.
 40731 | Vaults:5 | Entered Level 5 of the Vaults
 40737 | Vaults:5 | Reached XP level 25. HP: 122/191 MP: 44/44
 40740 | Vaults:5 | Noticed an ancient lich
 40756 | Vaults:5 | HP: 4/191 [harpy (10)]
 40763 | Vaults:5 | HP: 5/191 [shadow dragon (8)]
 40769 | Vaults:5 | Reached skill level 18 in Spellcasting
 41036 | Vaults:5 | Reached skill level 19 in Spellcasting
 41072 | Vaults:5 | Killed an ancient lich
 41159 | Vaults:5 | Got a bound granite ring
 41281 | Vaults:5 | Got a silver rune of Zot
 41353 | Vaults:5 | Reached skill level 1 in Translocations
 41391 | Vaults:5 | Got a warped amber ring
 41725 | Vaults:5 | Reached skill level 20 in Spellcasting
 41797 | Vaults:5 | Got a crude robe
 41809 | Vaults:5 | Identified the +0 robe of Myraeva {MR- Int+6} (You found it on level 5 of the Vaults)
 41819 | Vaults:5 | Identified a +0 pair of boots of running (You found it on level 5 of the Vaults)
 41890 | Vaults:5 | Identified the ring of Jyuq {*Tele rF- rC+ MR+ Str+3} (You took it off an entropy weaver on level 5 of the Vaults)
 41892 | Vaults:5 | Identified the ring "Niger" {MP+9 Int+3 Dex+3} (You took it off a deep elf mage on level 5 of the Vaults)
 41931 | Vaults:5 | Learned a level 1 spell: Apportation
 41936 | Vaults:5 | Learned a level 4 spell: Passage of Golubria
 42496 | Zig:1    | Entered Level 1 of a ziggurat
 42524 | Zig:2    | Entered Level 2 of a ziggurat
 42561 | Zig:3    | Entered Level 3 of a ziggurat
 42611 | Zig:4    | Entered Level 4 of a ziggurat
 42630 | Zig:4    | magipi: wow, go icemummy
 42645 | Zig:5    | Entered Level 5 of a ziggurat
 42650 | Zig:5    | Noticed a shard shrike
 42653 | Zig:5    | Killed a shard shrike
 42653 | Zig:5    | Reached skill level 5 in Translocations
 42663 | Zig:5    | Got a clouded turquoise ring
 42673 | Zig:5    | Identified the cursed ring "Qegucec" {AC-3 Int+4} (You found it on level 5 of a ziggurat)
 42701 | Zig:6    | Entered Level 6 of a ziggurat
 42734 | Zig:6    | Got a fine pewter ring
 42736 | Zig:6    | Identified the ring "Memevep" {Fire MP-9 Int+5} (You found it on level 6 of a ziggurat)
 42747 | Zig:7    | Entered Level 7 of a ziggurat
 42753 | Zig:7    | Noticed an orb of fire
 42758 | Zig:7    | Killed an orb of fire
 42781 | Zig:7    | Identified the Tome of Twisted Toxins
 42788 | Zig:7    | graymark: &&dump
 42791 | Zig:8    | Entered Level 8 of a ziggurat
 42804 | Zig:8    | Reached skill level 21 in Spellcasting
 42811 | Zig:8    | Got a bound iron ring
 42825 | Zig:8    | Identified the ring of Ebretun {rPois rC+ Str+5} (You found it on level 8 of a ziggurat)
 42852 | Zig:9    | Entered Level 9 of a ziggurat
 42889 | Zig:9    | graymark: nice ring T_T
 42897 | Zig:9    | 4thArraOfDagon: Niger :D
 42898 | Zig:10   | Entered Level 10 of a ziggurat
 42907 | Zig:10   | Gained mutation: You are strongly in touch with the powers of death. [Mummy growth]
 42907 | Zig:10   | Reached XP level 26. HP: 149/198 MP: 48/48
 42933 | Zig:10   | Learned a level 7 spell: Orb of Destruction
 43015 | Zig:11   | Entered Level 11 of a ziggurat
 43039 | Zig:11   | Identified the Handbook of Hexes
 43066 | Zig:11   | Identified the +9 great sword "Newt's Demise" {slice, Dex+4} (You found it on level 11 of a ziggurat)
 43070 | Zig:12   | Entered Level 12 of a ziggurat
 43079 | Zig:12   | Noticed a greater mummy
 43079 | Zig:12   | Noticed a greater mummy
 43081 | Zig:12   | Noticed a greater mummy
 43085 | Zig:12   | Killed a greater mummy
 43085 | Zig:12   | Killed a greater mummy
 43087 | Zig:12   | Killed a greater mummy
 43088 | Zig:12   | Noticed a greater mummy
 43091 | Zig:12   | Killed a greater mummy
 43091 | Zig:12   | Reached skill level 22 in Spellcasting
 43095 | Zig:12   | Found the +3 robe of Clouds {+Fly rElec}
 43102 | Zig:12   | Got a scorched wooden ring
 43116 | Zig:12   | Identified the ring "Imyjuawk" {Ice Stlth+} (You found it on level 12 of a ziggurat)
 43120 | Zig:13   | Entered Level 13 of a ziggurat
 43203 | Zig:13   | Identified the Incunabulum of the Snowflakes and Feathers
 43208 | Zig:13   | Identified Advanced Steps in Thaumaturgy
 43242 | Zig:14   | Entered Level 14 of a ziggurat
 43253 | Zig:14   | Noticed an ancient lich
 43256 | Zig:14   | Noticed an ancient lich
 43259 | Zig:14   | Killed an ancient lich
 43259 | Zig:14   | Reached skill level 10 in Translocations
 43266 | Zig:14   | Killed an ancient lich
 43296 | Zig:14   | Identified the amulet of Tiupeo {Faith Str+4 SInv Stlth+} (You found it on level 14 of a ziggurat)
 43301 | Zig:14   | Identified the amulet of Activism {Acrobat rPois Str-5 Slay+3} (You found it on level 14 of a ziggurat)
 43306 | Zig:14   | Identified Juidupho's Almanac of Lucky Dislocation
 43355 | Zig:15   | Entered Level 15 of a ziggurat
 43363 | Zig:15   | Killed from afar by a white draconian stormcaller

Vault maps used:
D:1:      dpeg_arrival_houses_and_road
D:2:      lemuel_doored_altar, uniq_robin
D:3:      cheibriados_altar_1, minmay_large_rounded_square
D:4:      grunt_temple_overflow_lords_of_destruction, uniq_pikel
D:5:      gammafunk_temple_overflow_wave, serial_shops, shop, shop, shop,
          first_ration, lemuel_angel_altar, uniq_menkaure
D:6:      minmay_temple_entry_trees, uniq_prince_ribbit1, uniq_sigmund
D:7:      nicolae_overflow_hidden_temple, serial_shops, shop,
          nicolae_shop_stone, nicolae_shop_waterfront, kennysheep_mini_moat,
          nicolae_shop_crystal, grunt_ogre_cave,
          nicolae_dithmenos_through_a_glass_darkly
D:8:      basic_altar
D:9:      grunt_temple_overflow_growth_and_decay, orc_0_dummy
D:10:     basic_altar, lightli_fourway_metalbox
D:11:     dpeg_lair_monsters, skrybe_limestone_x, minmay_misc_feat_hallway
D:12:     minmay_stone_trees_small, sword_in_stone
D:13:     minmay_two_paths, david_vaults_1
D:14:     jmf_multi_god_temple
D:15:     grunt_enter_depths_hoard, minmay_misc_feat_chi, lab_entry_generic
Lair:1:   uniq_nergalle, uniq_grum
Lair:2:   lemuel_fruit_tree, minmay_lair_oklob_chamber
Lair:3:   hangedman_lair_unloving_vines, roderic_carrion_pond
Lair:4:   nicolae_swamp_entry_splash_gauntlet, spider_nest_entry_web_field
Lair:6:   due_jungle_book, slime_altar_1, zaba_anthell, uniq_snorg
Swamp:1:  hangedman_swamp_ruin_hall, swamp_pool3
Swamp:2:  evilmike_swamp_ruin_house_3
Swamp:3:  nicolae_swamp_very_dense_foliage, swamp_pool2,
          hangedman_swamp_diagram, uniq_nikola
Swamp:4:  swamp_basic_johnstein, swamp_pool1, infiniplex_staircase_pool_2,
          uniq_kirke
Spider:1: uniq_rupert, uniq_frances, uniq_louise
Spider:4: spider_rune_water
Slime:1:  cheibrodos_slime_lost_civilization_7
Orc:1:    serial_shops, shop, uniq_erolcha, uniq_urug
Orc:2:    st_orc_open, portal_ice_cave_entry_pillars_1
Elf:1:    minmay_elf_arrival_summoners, hangedman_elf_represent, uniq_azrael
Elf:3:    minmay_elf_hall_x, serial_sigils, serial_sigils_hangedman_leer,
          serial_sigils_hangedman_scar, serial_sigils_hangedman_gnaw,
          serial_sigils_hangedman_writhe, enter_trove_1
Vaults:1: nicolae_vaults_network_square, v_misc_23,
          ontoclasm_vaults_loading_screen, v_misc_8, vaults_mumra_minichess,
          nicolae_vaults_what_the_h, grunt_vaults_funnel
Vaults:2: ontoclasm_vaults_bender, nicolae_vaults_network_star, v_misc_14,
          hangedman_vaults_restitches, v_misc_26, v_alt_pattern_4, v_misc_4,
          nicolae_vaults_border_crossing, grunt_vaults_focal,
          vaults_room_door_hall
Vaults:3: v_alt_pattern_3, vaults_mumra_lcd, serial_ice_m, hangedman_vaults_hat,
          ontoclasm_vaults_spin, nicolae_vaults_stairing_the_circle, v_misc_33,
          st_more_cells, ontoclasm_vaults_hangar, dummy_crypt_entry,
          uniq_sojobo, uniq_mara
Vaults:4: nicolae_vaults_lopsided_apartments, vaults_room_stairs_pillars,
          v_pattern_2, hangedman_vaults_nodes, hangedman_vaults_impose,
          v_rooms_1, hangedman_vaults_river_flow,
          vaults_mumra_minichess_inversion, hangedman_vaults_nails,
          nicolae_vaults_little_squares_2, ontoclasm_vaults_fault,
          nicolae_vaults_angled_halls, serial_ice_h,
          portal_desolation_entry_ruin
Crypt:1:  special_room, grunt_megastairs_2, uniq_frederick
Crypt:3:  quadcrypt_mu
Tomb:1:   uniq_jorgrun
Depths:1: minmay_splitting_lines, grunt_hell_entry_dis_mu,
          rand_demon_pan_entry_3, kennysheep_opposing_triangles
Depths:2: spriggan_forest, abyss_entry, hell_entry
Depths:3: cheibrodos_witchhunters_guild, abyss_entry_flame_altar,
          grunt_pan_entry_spiral, hell_entry, serial_glass, glass_columns_c,
          glass_columns_b, lemuel_round_altar, uniq_margery, uniq_aizul,
          uniq_bai_suzhen
Depths:4: minmay_crescents, enter_ziggurat_d, marbit_kobold_abyss_entry,
          hellmouth_1, minmay_misc_feat_cross, serial_bayou_shore_b,
          basic_stair_grate_trap, infiniplex_staircase_zigzag_1, uniq_mennas
Depths:5: grunt_crosshair, abyss_entry, hangedman_abyss_or_decor_slice,
          hangedman_coc_ice_floe
Zig:6:    ziggurat_pillar_centre_c
Zig:8:    ziggurat_pillar_centre_dead_trees
Zig:13:   ziggurat_pillar_centre_oklobs
Lab:      labyrinth_hidden_loot, nicolae_lab_very_dead_end, nicolae_lab_swirl,
          labyrinth_fake_exit, nicolae_lab_grate, nicolae_lab_lava,
          labyrinth_lava_lair, labyrinth_skeletal_remains, nicolae_lab_plus,
          nicolae_lab_t_cross, nicolae_lab_starburst, nicolae_lab_statue
IceCv:    ice_cave_caverns_03

Skill      XL: |  1  2  3  4  5  6  7  8  9 10 11 12 13 14 15 16 17 18 19 20 21 22 23 24 25 26 |
---------------+-------------------------------------------------------------------------------+-----
Conjurations   | 1 2 3 4 6 7 8 9 10 11 12 13 15 17 18 19 20 | 20.0
Spellcasting   | 3 4 5 6 8 9 10 11 12 13 15 17 21 22 | 22.7
Fire Magic     | 3 4 5 6 8 9 10 11 12 | 12.9
Fighting       | 1 3 5 8 14 | 14.0
Dodging        | 2 3 4 5 |  5.0
Armour         | 1 3 4 5 |  5.0
Evocations     | 2 5 7 9 10 11 | 11.0
Necromancy     | 6 11 12 16 17 | 17.9
Shields        | 1 4 |  4.0
Ice Magic      | 9 11 14 15 17 | 17.0
Translocations | 7 10 | 10.2
Stealth        | |  1.5

Action                   |  1- 3 |  4- 6 |  7- 9 | 10-12 | 13-15 | 16-18 | 19-21 | 22-24 | 25-27 || total
-------------------------+-------+-------+-------+-------+-------+-------+-------+-------+-------++-------
Melee: Whip              |    34 |    40 |       |       |       |       |       |       |       ||    74
       Quarterstaff      |       |       |   625 |   170 |    38 |       |       |       |       ||   833
       Scimitar          |       |       |       |    51 |       |       |       |       |       ||    51
       Staff             |       |       |       |    63 |    84 |    65 |     9 |    16 |     5 ||   242
       Falchion          |       |       |       |       |    14 |       |       |       |       ||    14
Throw: Throwing net      |       |       |       |     2 |       |       |       |       |       ||     2
 Cast: Flame Tongue      |    36 |    50 |    38 |    45 |    25 |       |       |       |       ||   194
       Conjure Flame     |     1 |     4 |     6 |    30 |    11 |     2 |       |       |       ||    54
       Sticky Flame      |       |     3 |    38 |    81 |    50 |    52 |       |       |       ||   224
       Fireball          |       |       |     4 |    37 |    66 |   320 |   264 |    29 |     2 ||   722
       Bolt of Fire      |       |       |       |    11 |   174 |   130 |       |     4 |     6 ||   325
       Throw Icicle      |       |       |       |       |    26 |       |       |       |       ||    26
       Infestation       |       |       |       |       |       |    13 |    64 |   176 |    72 ||   325
       Conjure Ball Ligh |       |       |       |       |       |     1 |       |       |       ||     1
       Glaciate          |       |       |       |       |       |    30 |       |    15 |    32 ||    77
       Ignition          |       |       |       |       |       |     6 |   150 |   174 |    49 ||   379
       Tornado           |       |       |       |       |       |     1 |       |       |       ||     1
       Lee's Rapid Decon |       |       |       |       |       |       |     7 |     1 |       ||     8
       Orb of Destructio |       |       |       |       |       |       |       |       |     3 ||     3
 Abil: Stop Flying       |       |       |       |       |       |     1 |       |       |       ||     1
       Evoke Flight      |       |       |       |       |       |     1 |       |       |       ||     1
Evoke: Wand              |       |     3 |     7 |     2 |     4 |     1 |     6 |     5 |     3 ||    31
       Phial of floods   |       |       |       |     1 |       |       |       |       |       ||     1
       Staff of energy   |       |       |       |       |       |   338 |   560 |   615 |   188 ||  1701
       Lamp of fire      |       |       |       |       |       |       |     1 |       |       ||     1
       Sack of spiders   |       |       |       |       |       |       |     1 |       |     4 ||     5
       Box of beasts     |       |       |       |       |       |       |       |       |     1 ||     1
  Use: Scroll            |     6 |     1 |     7 |     1 |    22 |    21 |    15 |    15 |    18 ||   106
 Stab: Sleeping          |       |       |     3 |       |       |       |       |       |       ||     3
       Paralysed         |       |       |       |       |     7 |       |       |       |       ||     7
Armor: Robe              |     9 |    14 |    99 |   126 |    61 |   136 |    81 |    45 |    14 ||   585
       Leather armour    |       |       |   201 |       |       |       |       |       |       ||   201
Dodge: Dodged            |    52 |    50 |   535 |   325 |   222 |   243 |   169 |    88 |    37 ||  1721
Block: Buckler           |       |       |       |       |       |   104 |    64 |    36 |    20 ||   224
       Rpst.: Scimitar   |       |       |       |    14 |       |       |       |       |       ||    14
       Falchion          |       |       |       |       |     4 |       |       |       |       ||     4

Table legend:
 A = Spawn XP
 B = Non-spawn XP
 C = Spawn XP percentage of total XP
 D = Spawn monster count
 E = Non-spawn monster count
 F = Spawn count percentage of total count
 G = Total turns spent on level
                    A         B        C        D         E        F      G
               +---------+---------+-------+---------+---------+-------+---------
         Total |       0 | 1430188 |   0.0 |       0 |    2808 |   0.0 | 43363
               +---------+---------+-------+---------+---------+-------+---------
           D:1 |       0 |      51 |   0.0 |       0 |      27 |   0.0 |   533
           D:2 |       0 |     116 |   0.0 |       0 |      35 |   0.0 |   890
           D:3 |       0 |     207 |   0.0 |       0 |      22 |   0.0 |   568
           D:4 |       0 |     681 |   0.0 |       0 |       5 |   0.0 |  1006
           D:5 |       0 |    1210 |   0.0 |       0 |      33 |   0.0 |   994
           D:6 |       0 |    1129 |   0.0 |       0 |      24 |   0.0 |  1363
           D:7 |       0 |    1350 |   0.0 |       0 |      30 |   0.0 |  1409
           D:8 |       0 |    1369 |   0.0 |       0 |      18 |   0.0 |   632
           D:9 |       0 |    1026 |   0.0 |       0 |      21 |   0.0 |   750
          D:10 |       0 |    2351 |   0.0 |       0 |      12 |   0.0 |   795
          D:11 |       0 |   10478 |   0.0 |       0 |      59 |   0.0 |  1285
          D:12 |       0 |   10673 |   0.0 |       0 |      54 |   0.0 |  1327
          D:13 |       0 |   17476 |   0.0 |       0 |      40 |   0.0 |  1231
          D:14 |       0 |   11578 |   0.0 |       0 |      28 |   0.0 |   944
          D:15 |       0 |   12869 |   0.0 |       0 |      29 |   0.0 |  1198
        Lair:1 |       0 |    4112 |   0.0 |       0 |      22 |   0.0 |   635
        Lair:2 |       0 |    1502 |   0.0 |       0 |       9 |   0.0 |   280
        Lair:3 |       0 |    2149 |   0.0 |       0 |      16 |   0.0 |   315
        Lair:4 |       0 |    7430 |   0.0 |       0 |      28 |   0.0 |   478
        Lair:5 |       0 |   11007 |   0.0 |       0 |      42 |   0.0 |   538
        Lair:6 |       0 |   32759 |   0.0 |       0 |      96 |   0.0 |   935
       Swamp:1 |       0 |   16647 |   0.0 |       0 |      37 |   0.0 |   481
       Swamp:2 |       0 |   11579 |   0.0 |       0 |      42 |   0.0 |   609
       Swamp:3 |       0 |   17092 |   0.0 |       0 |      31 |   0.0 |   486
       Swamp:4 |       0 |   31245 |   0.0 |       0 |      55 |   0.0 |   698
      Spider:1 |       0 |   15777 |   0.0 |       0 |      46 |   0.0 |   224
      Spider:2 |       0 |    3271 |   0.0 |       0 |       9 |   0.0 |    79
      Spider:3 |       0 |    6070 |   0.0 |       0 |      17 |   0.0 |   400
      Spider:4 |       0 |   38797 |   0.0 |       0 |     105 |   0.0 |   792
       Slime:1 |       0 |   18004 |   0.0 |       0 |      35 |   0.0 |   461
       Slime:2 |       0 |   12495 |   0.0 |       0 |      31 |   0.0 |   442
       Slime:3 |       0 |   18898 |   0.0 |       0 |      35 |   0.0 |   260
       Slime:4 |       0 |   21584 |   0.0 |       0 |      29 |   0.0 |   749
       Slime:5 |       0 |   46641 |   0.0 |       0 |      38 |   0.0 |   573
         Orc:1 |       0 |    2901 |   0.0 |       0 |      13 |   0.0 |   214
         Orc:2 |       0 |   19957 |   0.0 |       0 |      73 |   0.0 |  1179
         Elf:1 |       0 |   14770 |   0.0 |       0 |      22 |   0.0 |   531
         Elf:2 |       0 |    6432 |   0.0 |       0 |       8 |   0.0 |   298
         Elf:3 |       0 |   71014 |   0.0 |       0 |      80 |   0.0 |  1996
      Vaults:1 |       0 |   36156 |   0.0 |       0 |      66 |   0.0 |  1039
      Vaults:2 |       0 |   32733 |   0.0 |       0 |      62 |   0.0 |   698
      Vaults:3 |       0 |   44067 |   0.0 |       0 |      74 |   0.0 |  1151
      Vaults:4 |       0 |   70579 |   0.0 |       0 |     116 |   0.0 |  1142
      Vaults:5 |       0 |  123124 |   0.0 |       0 |     169 |   0.0 |  1230
       Crypt:1 |       0 |   46347 |   0.0 |       0 |      80 |   0.0 |   550
       Crypt:2 |       0 |   22223 |   0.0 |       0 |      52 |   0.0 |   441
       Crypt:3 |       0 |   45720 |   0.0 |       0 |      74 |   0.0 |  1499
        Tomb:1 |       0 |   35367 |   0.0 |       0 |      64 |   0.0 |   652
      Depths:1 |       0 |   36808 |   0.0 |       0 |      60 |   0.0 |   662
      Depths:2 |       0 |   55458 |   0.0 |       0 |     113 |   0.0 |  1180
      Depths:3 |       0 |   56871 |   0.0 |       0 |      77 |   0.0 |   803
      Depths:4 |       0 |   38607 |   0.0 |       0 |      50 |   0.0 |   844
      Depths:5 |       0 |   48094 |   0.0 |       0 |      41 |   0.0 |   436
         Zig:1 |       0 |    4340 |   0.0 |       0 |       1 |   0.0 |    28
         Zig:2 |       0 |    2764 |   0.0 |       0 |       2 |   0.0 |    37
         Zig:3 |       0 |    9376 |   0.0 |       0 |       2 |   0.0 |    50
         Zig:4 |       0 |    2814 |   0.0 |       0 |       6 |   0.0 |    34
         Zig:5 |       0 |    8117 |   0.0 |       0 |       5 |   0.0 |    56
         Zig:6 |       0 |    4261 |   0.0 |       0 |      14 |   0.0 |    46
         Zig:7 |       0 |   15950 |   0.0 |       0 |      10 |   0.0 |    44
         Zig:8 |       0 |    9756 |   0.0 |       0 |      17 |   0.0 |    61
         Zig:9 |       0 |   12413 |   0.0 |       0 |      16 |   0.0 |    46
        Zig:10 |       0 |   14856 |   0.0 |       0 |      18 |   0.0 |   117
        Zig:11 |       0 |   18418 |   0.0 |       0 |      20 |   0.0 |    55
        Zig:12 |       0 |   26295 |   0.0 |       0 |      36 |   0.0 |    50
        Zig:13 |       0 |   18691 |   0.0 |       0 |      37 |   0.0 |   122
        Zig:14 |       0 |   39750 |   0.0 |       0 |      25 |   0.0 |   113
           Lab |       0 |    3818 |   0.0 |       0 |      12 |   0.0 |   569
         IceCv |       0 |   13174 |   0.0 |       0 |      44 |   0.0 |   477
    Desolation |       0 |   28544 |   0.0 |       0 |      89 |   0.0 |   545
               +---------+---------+-------+---------+---------+-------+---------
